Map: Mech Depot LE

Players

kuukyo - Winner!

  • Race: Zerg Zerg
  • League: Grandmaster
  • Spawn Location: 1:00

Xazae

  • Race: Protoss Protoss
  • League: Master
  • Spawn Location: 7:00

VOD

Have the link to the VOD?

Description

Time

  • Played on: Nov. 10, 2017, 3:07 p.m.
  • Length: 7:30
Show
View Real Time Build Order
Export as new Build Order

kuukyo Zerg - Winner!

Build Orders: Hatch First 

Get SALT Encoding   

  12  0:01  Drone  
  13  0:12  Overlord  
  13  0:21  Drone  
  14  0:31  Drone x2  
  16  0:39  Drone  
  17  0:48  Drone  
  18  0:57  Hatchery  
  17  0:59  Drone  
  18  1:04  Extractor  
  17  1:15  Spawning Pool  
  17  1:17  Drone  
  17  1:20  Drone  
  18  1:28  Drone  
  19  1:39  Overlord  
  19  1:53  Drone  
  20  2:01  Queen  
  20  2:03  Zergling x2  
  23  2:08  Drone  
  23  2:09  Queen  
  23  2:12  Metabolic Boost  
  23  2:14  Drone  
  27  2:21  Drone  
  28  2:26  Drone  
  29  2:34  Hatchery  
  28  2:39  Drone x2  
  30  2:45  Drone x2  
  32  2:54  Overlord x2  
  32  3:06  Drone x2  
  32  3:10  Drone  
  32  3:11  Queen  
  37  3:13  Drone x2  
  37  3:16  Queen  
  37  3:19  Drone  
  42  3:27  Zergling x4, Evolution Chamber  
  42  3:30  Zergling x2  
  44  3:37  Drone x3  
  47  3:47  Pneumatized Carapace  
  47  3:49  Overlord  
  47  4:09  Zergling x20  
  57  4:15  Queen, Spore Crawler  
  58  4:17  Spore Crawler  
  58  4:24  Zergling x2  
  58  4:26  Overlord x2  
  58  4:35  Overlord x3  
  58  4:44  Queen x2  
  62  4:45  Drone x3  
  62  4:46  Drone x2  
  62  4:48  Zergling x4  
  69  5:00  Zergling x14  
  70  5:11  Zergling x6  
  70  5:12  Zerg Melee Weapons Level 1  
  64  5:31  Zergling x10  
  69  5:45  Queen x2, Zergling x14  
  72  5:58  Zergling x10  
  74  6:13  Zergling x6  
  74  6:17  Drone  
  73  6:19  Baneling Nest  
  71  6:27  Hatchery  
  71  6:31  Zergling x10  
  75  6:39  Overlord  
  75  6:43  Drone x2  
  75  6:46  Drone x5  
  82  6:48  Spore Crawler  
  73  7:11  Zergling x16  
Show
View Real Time Build Order
Export as new Build Order

Xazae Protoss 

Build Orders: Nexus First, Oracle Opening 

Get SALT Encoding   

  12  0:01  Probe (Chrono Boost)  
  13  0:11  Probe (Chrono Boost)  
  14  0:20  Pylon  
  14  0:23  Probe (Chrono Boost)  
  15  0:38  Probe (Chrono Boost)  
  16  0:49  Probe (Chrono Boost)  
  17  0:58  Nexus  
  17  1:09  Gateway  
  18  1:11  Probe (Chrono Boost)  
  18  1:19  Assimilator  
  18  1:22  Probe (Chrono Boost)  
  19  1:28  Assimilator  
  19  1:32  Probe (Chrono Boost)  
  20  1:43  Probe (Chrono Boost)  
  21  1:53  Probe (Chrono Boost)  
  22  1:56  Cybernetics Core  
  22  2:04  Probe (Chrono Boost)  
  23  2:12  Probe (Chrono Boost)  
  23  2:14  Probe (Chrono Boost)  
  25  2:23  Probe (Chrono Boost)  
  25  2:25  Probe (Chrono Boost)  
  27  2:32  Warp Gate  
  27  2:33  Probe (Chrono Boost), Adept  
  27  2:36  Probe (Chrono Boost)  
  31  2:44  Probe (Chrono Boost)  
  31  2:46  Probe (Chrono Boost)  
  31  2:49  Pylon  
  32  2:55  Probe (Chrono Boost)  
  32  2:57  Probe (Chrono Boost)  
  34  2:59  Stargate  
  34  3:00  Adept  
  34  3:05  Probe (Chrono Boost)  
  37  3:07  Probe (Chrono Boost)  
  38  3:16  Probe (Chrono Boost)  
  38  3:18  Probe (Chrono Boost)  
  40  3:21  Gateway  
  40  3:22  Gateway  
  40  3:27  Adept (Chrono Boost)  
  42  3:30  Mothership Core (Chrono Boost)  
  42  3:31  Pylon  
  44  3:39  Probe (Chrono Boost)  
  44  3:49  Oracle (Chrono Boost), Probe  
  44  3:51  Probe  
  44  3:54  Pylon  
  49  3:59  Probe  
  50  4:03  Probe  
  51  4:17  Probe  
  51  4:19  Probe  
  51  4:21  Oracle (Chrono Boost)  
  56  4:27  Nexus  
  56  4:28  Probe  
  56  4:29  Pylon  
  57  4:31  Probe  
  57  4:34  Assimilator  
  57  4:36  Assimilator  
  58  4:38  Probe  
  58  4:43  Probe  
  58  4:45  Adept  
  62  4:49  Adept x2, Pylon  
  62  4:50  Pylon  
  66  4:53  Probe  
  66  4:55  Probe  
  63  5:12  Zealot x2  
  63  5:13  Zealot  
  53  5:25  Probe  
  53  5:27  Probe  
  48  5:31  Oracle (Chrono Boost)  
  48  5:33  Adept  
  48  5:34  Adept x2  
  53  5:37  Probe  
  52  5:51  Mothership Core  
  52  5:54  Zealot x2  
  52  5:55  Zealot  
  52  6:13  Probe  
  52  6:14  Probe  
  52  6:16  Zealot  
  52  6:17  Zealot x2  
  56  6:23  Probe  
  57  6:25  Pylon  
  57  6:26  Probe  
  55  6:34  Phoenix (Chrono Boost)  
  55  6:35  Probe  
  55  6:38  Probe  
  59  6:47  Zealot x3  
  59  7:10  Adept x3  
  59  7:11  Probe  
  59  7:12  Probe  
Tags
 
Add a new tag
Caveats
  • Supply blocks, unpowered buildings, or Contaminate may cause inaccurate times.
  • Supply counts are checked every 10 seconds.